 Dungeon Crawl Stone Soup version 0.19.1 (webtiles) character file.

4671 Murt the Destroyer (level 10, 11/50 HPs)
             Began as a Gargoyle Wizard on Dec 15, 2016.
             Was a Follower of Vehumet.
             Quit the game on level 8 of the Dungeon.
             The game lasted 00:54:17 (8239 turns).

Murt the Destroyer (Gargoyle Wizard)                Turns: 8239, Time: 00:54:17

Health: 11/50      AC: 16    Str: 10    XL:     10   Next: 44%
Magic:  2/14       EV: 12    Int: 23    God:    Vehumet [*.....]
Gold:   183        SH:  4    Dex:  8    Spells: 5 memorised, 4 levels left

rFire  + . .     SeeInvis .     b - +0 short sword (venom)
rCold  . . .     Gourm    .     w - +1 robe {MR+}
rNeg   + . .     Faith    .     u - +0 buckler
rPois  ∞         Spirit   .     d - +0 hat
rElec  +         Reflect  .     k - +2 cloak
rCorr  .         Harm     .     (no gloves)
MR     ++...                    l - +2 pair of boots
Stlth  ++........               (no amulet)
                                m - ring of protection from fire
                                z - ring of protection from magic

@: no status effects
A: negative energy resistance 1, electricity resistance, unbreathing,
petrification resistance, rot immunity, AC +7
a: Renounce Religion


You were on level 8 of the Dungeon.
You worshipped Vehumet.
Vehumet was aware of your devotion.
You were near starving.

You visited 2 branches of the dungeon, and saw 11 of its levels.

You collected 346 gold pieces.
You spent 163 gold pieces at shops.

Inventory:

Hand Weapons
 a - a +0 trident
 b - a +0 short sword of venom (weapon)
Missiles
 h - 32 bolts
 j - 94 sling bullets
Armour
 d - a +0 hat (worn)
 k - a +2 cloak (worn)
 l - a +2 pair of boots (worn)
 u - a +0 buckler (worn)
 w - a +1 robe of magic resistance (worn)
Jewellery
 m - a ring of protection from fire (right hand)
 n - an uncursed ring of protection from fire
 z - a ring of protection from magic (left hand)
Wands
 i - a wand of digging (6/24)
 D - a wand of polymorph (8/24)
Scrolls
 e - 3 scrolls of amnesia
 f - 4 scrolls of remove curse
 g - a scroll of enchant armour
 o - a scroll of recharging
 q - 2 scrolls of blinking
 s - a scroll of magic mapping
 t - a scroll of noise
 F - 2 scrolls of identify
Potions
 v - a potion of lignification
 x - a potion of brilliance
Books
 c - a book of Minor Magic

   Spells                             Type                      Level
   a - Magic Dart                     Conjuration                  1
   b - Blink                          Translocation                2
   c - Call Imp                       Summoning                    2
   d - Repel Missiles                 Charms/Air                   2
   e - Slow                           Hexes                        2
   f - Conjure Flame                  Conjuration/Fire             3
   g - Mephitic Cloud                 Conjuration/Poison/Air       3
 A - a book of Power

   Spells                             Type                      Level
   a - Fulminant Prism                Conjuration/Hexes            4
   b - Iskenderun's Mystic Blast      Conjuration                  4
   c - Venom Bolt                     Conjuration/Poison           5
   d - Bolt of Magma                  Conjuration/Fire/Earth       5
   e - Iron Shot                      Conjuration/Earth            6
   f - Orb of Destruction             Conjuration                  7
   g - Spellforged Servitor           Conjuration/Summoning        7
Comestibles
 C - 4 meat rations


   Skills:
 - Level 1.5 Dodging
 - Level 2.1 Stealth
 - Level 5.2 Shields
 - Level 3.0 Spellcasting
 + Level 13.2 Conjurations
   Level 0.8 Summonings
 - Level 0.8 Translocations
 - Level 5.8 Evocations


You had 4 spell levels left.
You knew the following spells:

 Your Spells              Type           Power        Failure   Level  Hunger
a - Magic Dart            Conj           ####         1%          1    None
c - Conjure Flame         Conj/Fire      ####....     2%          3    ###....
m - Mephitic Cloud        Conj/Pois/Air  ###.....     8%          3    ###....
B - Blink                 Tloc           N/A          14%         2    ##.....
M - Repel Missiles        Chrm/Air       #.....       21%         2    ##.....


Dungeon Overview and Level Annotations

Branches:
Dungeon (10/15)            Temple (1/1) D:4
   Lair: D:8-11         Orc: D:9-12

Altars:
Ashenzari
Cheibriados
Dithmenos
Elyvilon
Fedhas
Gozag
Hepliaklqana
Kikubaaqudgha
Makhleb
Nemelex Xobeh
Okawaru
Qazlal
Ru
Sif Muna
Trog
Uskayaw
Vehumet
Xom
Yredelemnul
Zin
The Shining One

Shops:
D:4 !   D:7 !

Annotations:
D:2 Jessica


Innate Abilities, Weirdness & Mutations

You are resistant to torment.
Your stone body is resilient. (AC +7)
You are immune to poison.
You resist negative energy. (rN+)
You are resistant to electric shocks. (rElec)
You can survive without breathing.
You are immune to petrification.
You are immune to rotting.


Message History

You barely miss the centaur warrior.
The centaur warrior hits you but does no damage.
The centaur warrior misses you.
You hit the centaur warrior.
The centaur warrior is lightly wounded.
The centaur warrior misses you. The centaur warrior hits you.
You hit the centaur warrior.
The centaur warrior is lightly wounded.
The centaur warrior completely misses you.
The centaur warrior barely misses you.
Your +0 short sword of venom begins to drip with poison!
b - a +0 short sword of venom (weapon)
The centaur warrior hits you!
* * * LOW HITPOINT WARNING * * *
Okay, then.
Evoke which item? (* to show all) (? for menu, Esc to quit)
Okay, then.
Okay, then.
Unknown command.
Are you sure you want to abandon this character and quit the game? (Confirm with "yes".) .........# 'ZZ

................ .........# #W#
#................
.........###§###................
.........#8#.#8#................
.............)..................
.........../............>.......
..........##....................
........####....c........h.o....
.......## ##...@........h......
......## ##..........[.......
#...### #..#.................
##.## #.#####............... ###
# ###############


You could see a centaur warrior.

Vanquished Creatures
  The ghost of Pelerin the Cudgeler, a novice MiFi (D:5)
  Psyche (D:8)
  Grinder (D:5)
  Grum (D:8)
  A hungry ghost (D:8)
  Edmund (D:6)
  An ice beast (D:6)
  2 black bears
  4 orc warriors
  An ogre (D:5)
  2 phantoms (D:5)
  3 necrophages (D:8)
  4 wolves (D:8)
  3 centaurs
  A crocodile (D:8)
  A big kobold (D:7)
  A bullfrog (D:4)
  A scorpion (D:4)
  4 wights (D:8)
  3 howler monkeys
  3 bullfrog zombies
  3 crimson imps
  A centaur zombie (D:8)
  A jelly (D:5)
  6 hounds
  2 human zombies (D:8)
  4 orc wizards
  A gnoll shaman (D:8)
  3 iguanas
  6 worker ants
  A hound zombie (D:7)
  A hound skeleton (D:7)
  3 mummies (D:8)
  A howler monkey zombie (D:8)
  10 gnolls
  7 adders
  A shadow imp (D:7)
  An ooze (D:3)
  An adder skeleton (D:6)
  2 worms (D:5)
  5 dart slugs
  A leopard gecko (D:4)
  15 orcs
  9 bats
  5 giant cockroaches
  8 hobgoblins
  9 jackals
  12 kobolds
  3 quokkas
  3 frilled lizards
  11 goblins
  An orc zombie (D:8)
  8 rats
185 creatures vanquished.

Vanquished Creatures (others)
  Pikel (D:8)
  A plant (D:5)
2 creatures vanquished.

Grand Total: 187 creatures vanquished

Notes
Turn   | Place    | Note
-------+----------+-------------------------------------------
     0 | D:1      | Murt the Gargoyle Wizard began the quest for the Orb.
     0 | D:1      | Reached XP level 1. HP: 10/10 MP: 4/4
   281 | D:1      | Reached skill level 2 in Conjurations
   281 | D:1      | Reached XP level 2. HP: 15/15 MP: 0/6
   286 | D:1      | Learned a level 2 spell: Blink
   774 | D:2      | Reached skill level 3 in Conjurations
   787 | D:2      | Gained mutation: Your mind is acute. (Int +2) [potion of mutation]
   787 | D:2      | Gained mutation: Your magical capacity is low. (-10% MP) [potion of mutation]
   787 | D:2      | Gained mutation: You have a pair of small horns on your head. [potion of mutation]
   931 | D:2      | Reached XP level 3. HP: 19/19 MP: 1/6
  1095 | D:2      | Noticed Jessica
  1118 | D:1      | Learned a level 3 spell: Mephitic Cloud
  1362 | D:2      | Found a burning altar of Makhleb.
  1464 | D:2      | Reached skill level 4 in Conjurations
  1464 | D:2      | Reached XP level 4. HP: 19/24 MP: 4/7
  1679 | D:3      | Learned a level 3 spell: Conjure Flame
  1718 | D:3      | Reached skill level 1 in Shields
  1773 | D:3      | Gained mutation: You are surrounded by a mild repulsion field. (EV +2) [potion of mutation]
  1773 | D:3      | Gained mutation: You are partially covered in iridescent scales. (AC +2) [potion of mutation]
  2179 | D:3      | Reached XP level 5. HP: 28/28 MP: 8/8
  2507 | D:4      | Found a glowing golden altar of the Shining One.
  2507 | D:4      | Found a stormy altar of Qazlal.
  2592 | D:4      | Found Hoteh's Distillery.
  2598 | D:4      | Bought a potion of brilliance for 44 gold pieces
  2598 | D:4      | Bought a potion of might for 44 gold pieces
  2624 | D:4      | Reached XP level 6. HP: 32/32 MP: 9/9
  2641 | D:4      | Learned a level 2 spell: Repel Missiles
  2746 | D:4      | Found a staircase to the Ecumenical Temple.
  2754 | Temple   | Entered the Ecumenical Temple
  2972 | D:4      | Reached skill level 5 in Shields
  3319 | D:5      | Entered Level 5 of the Dungeon
  3319 | D:5      | Noticed a phantom
  3410 | D:5      | Noticed Grinder
  3425 | D:5      | Paralysed by Grinder for 5 turns
  3538 | D:6      | Reached skill level 5 in Conjurations
  3541 | D:6      | Reached XP level 7. HP: 26/36 MP: 1/10
  3645 | D:6      | Reached skill level 6 in Conjurations
  3808 | D:7      | You fall through a shaft for 3 floors!
  3808 | D:10     | Entered Level 10 of the Dungeon
  4140 | D:8      | Reached skill level 7 in Conjurations
  4146 | D:8      | Found a hide-covered altar of Uskayaw.
  4151 | D:8      | Found an opulent altar of Gozag.
  4297 | D:7      | Reached XP level 8. HP: 41/41 MP: 3/11
  4411 | D:7      | Reached skill level 8 in Conjurations
  4565 | D:7      | Found Lixeg's Distillery.
  4571 | D:7      | Bought a potion of heal wounds for 75 gold pieces
  4711 | D:6      | Gained mutation: Your muscles are strong. (Str +2) [potion of mutation]
  4761 | D:6      | Noticed Edmund
  4806 | D:6      | Killed Edmund
  4806 | D:6      | Reached skill level 9 in Conjurations
  5110 | D:5      | Reached skill level 10 in Conjurations
  5225 | D:5      | Noticed Pelerin's ghost (novice MiFi)
  5242 | D:5      | Killed Pelerin's ghost
  5242 | D:5      | Reached skill level 11 in Conjurations
  5242 | D:5      | Reached XP level 9. HP: 45/45 MP: 9/12
  5324 | D:5      | Found a white marble altar of Elyvilon.
  5507 | D:5      | Killed Grinder
  6616 | D:7      | Found a radiant altar of Vehumet.
  6634 | D:7      | Became a worshipper of Vehumet
  7234 | D:8      | Noticed Pikel
  7240 | D:8      | Noticed Psyche
  7244 | D:8      | Noticed Grum
  7279 | D:8      | Found a bloodstained altar of Trog.
  7284 | D:8      | Reached skill level 12 in Conjurations
  7285 | D:8      | Killed Pikel
  7288 | D:8      | Lost mutation: You have a pair of small horns on your head. [potion of cure mutation]
  7288 | D:8      | Lost mutation: Your magical capacity is low. (-10% MP) [potion of cure mutation]
  7288 | D:8      | Lost mutation: You are surrounded by a mild repulsion field. (EV +2) [potion of cure mutation]
  7288 | D:8      | Lost mutation: Your mind is acute. (Int +2) [potion of cure mutation]
  7288 | D:8      | Lost mutation: Your muscles are strong. (Str +2) [potion of cure mutation]
  7298 | D:8      | Killed Psyche
  7298 | D:8      | Reached XP level 10. HP: 17/50 MP: 1/14
  7318 | D:8      | Killed Grum
  7323 | D:8      | Reached skill level 5 in Evocations
  7825 | D:8      | Reached * piety under Vehumet
  7825 | D:8      | Offered knowledge of Freeze by Vehumet.
  7876 | D:8      | Lost mutation: You are partially covered in iridescent scales. (AC +2) [potion of cure mutation]
  8042 | D:8      | Reached skill level 13 in Conjurations
  8229 | D:8      | Noticed a centaur warrior
  8239 | D:8      | Quit the game

Skill      XL: |  1  2  3  4  5  6  7  8  9 10 |
---------------+-------------------------------+-----
Conjurations   | 2 3 4 5 7 11 12 13 | 13.2
Shields        | 2 4 5 |  5.2
Evocations     | 4 5 |  5.8
Dodging        | |  1.5
Stealth        | |  2.1
Spellcasting   | |  3.0
Summonings     | |  0.8
Translocations | |  0.8

Action                   |  1- 3 |  4- 6 |  7- 9 | 10-12 || total
-------------------------+-------+-------+-------+-------++-------
Melee: Dagger            |    18 |       |       |       ||    18
       Unarmed           |     2 |       |       |       ||     2
       Short sword       |    17 |   113 |    70 |    42 ||   242
       Headbutt          |     1 |     8 |    33 |       ||    42
       Spear             |       |    32 |    46 |       ||    78
       Trident           |       |       |   220 |   405 ||   625
 Cast: Magic Dart        |    67 |    17 |    47 |       ||   131
       Mephitic Cloud    |       |    10 |    44 |     7 ||    61
       Blink             |       |     2 |     4 |     7 ||    13
       Conjure Flame     |       |     3 |    13 |    30 ||    46
       Repel Missiles    |       |       |     3 |       ||     3
Evoke: Wand              |       |       |     3 |     9 ||    12
  Use: Potion            |     6 |     4 |    15 |     5 ||    30
       Scroll            |       |     5 |     5 |     1 ||    11
 Stab: Sleeping          |     1 |     3 |     2 |       ||     6
       Confused          |       |     6 |    18 |     2 ||    26
       Invisible         |       |       |     2 |       ||     2
       Paralysed         |       |       |       |    13 ||    13
  Eat: Bread ration      |     1 |       |     2 |     2 ||     5
       Chunk             |       |     4 |       |       ||     4
       Beef jerky        |       |     1 |       |       ||     1
       Pizza             |       |       |     2 |       ||     2
       Meat ration       |       |       |     1 |       ||     1
Armor: Robe              |    23 |    46 |    99 |    79 ||   247
       Skin              |       |       |       |    35 ||    35
Dodge: Dodged            |    40 |    58 |   179 |    98 ||   375
       Deflected         |       |       |     6 |       ||     6
Block: Buckler           |       |    20 |    64 |    46 ||   130
